 Dungeon Crawl Stone Soup version 0.23-a0-338-g8ff0b24 (webtiles) character file.

885065 Garbasso the Slayer (level 27, -9/210 (217) HPs)
             Began as a Demonspawn Fighter on Oct 18, 2018.
             Was the Champion of Makhleb.
             Killed by divine providence
             ... invoked by a mummy priest
              (12 damage)
             ... on level 20 of a ziggurat on Oct 19, 2018.
             The game lasted 05:04:03 (63137 turns).

Garbasso the Slayer (Demonspawn Fighter)           Turns: 63137, Time: 05:04:04

HP:   -9/210 (217)  AC: 53    Str: 29 (30) XL:     27
MP:   44/44         EV: 17    Int: 23 (32) God:    Makhleb [******]
Gold: 9082          SH: 37    Dex: 26      Spells: 3/38 levels left

rFire    . . .     SeeInvis .   a - +8 mithril axe "Arga" {speed, MR+}
rCold    . . .     Gourm    .   Q - +4 large shield of Resilience {Int+7 Dex+4}
rNeg     + + .     Faith    .   H - +7 crystal plate armour
rPois    +         Spirit   .   S - +0 helmet "Ygor" {rPois MP+9 Int+3}
rElec    +         Reflect  +   u - +2 cloak "Qiutaulo" {rElec Int+3 Dex+4}
rCorr    .         Harm     .   e - +2 pair of gloves of Ynaefush {Str+4}
MR       ++++.                  (boots unavailable)
Stlth    ..........             y - +5 amulet of reflection
HPRegen  0.00/turn              V - ring "Deefawof" {rN+ MR+ Str+2 Slay+3}
MPRegen  0.29/turn              F - ring "Apoanalo" {rN+ Int+4 Dex+3}

@: lethally poisoned (-9 -> -15), non-regenerating, badly diseased, slowed,
studying 2 skills, very slow
A: claws 1, talons 3, iridescent scales 3, agile 1, blurry vision 1, demonic
guardian 3, frail 1, powered by death 3, regeneration 1, shaggy fur 1,
augmentation 3, MP-powered wands
}: 5/15 runes: decaying, serpentine, silver, iron, abyssal
a: Minor Destruction, Lesser Servant of Makhleb, Major Destruction, Greater
Servant of Makhleb, Renounce Religion


You were on level 20 of a ziggurat.
You worshipped Makhleb.
Makhleb was exalted by your worship.
You were not hungry.

You visited 11 branches of the dungeon, and saw 55 of its levels.
You visited the Abyss 3 times.
You visited 1 ziggurat, and saw 20 of its levels.
You also visited: Labyrinth, Trove, Ice Cave and Wizlab.

You collected 10004 gold pieces.
You spent 922 gold pieces at shops.

Inventory:

Hand Weapons
 a - the +8 mithril axe "Arga" (weapon) {speed, MR+}
   (You acquired it on level 10 of the Dungeon)

   Attacks with this weapon are significantly faster.
   It affects your resistance to hostile enchantments.
 b - a +9 eveningstar of freezing
Missiles
 m - 4 throwing nets (quivered)
Armour
 e - the +2 pair of gloves of Ynaefush (worn) {Str+4}
   (You found it on level 2 of the Vaults)

   It affects your strength (+4).
 u - the +2 cloak "Qiutaulo" (worn) {rElec Int+3 Dex+4}
   (You found it on level 2 of the Crypt)

   It affects your intelligence (+3).
   It affects your dexterity (+4).
   It insulates you from electricity.
 D - the +3 pair of gauntlets of War {Slay+5}
   (You found it on level 6 of a ziggurat)

   It affects your accuracy and damage with ranged weapons and melee attacks
   (+5).
 E - the +10 large shield of Ignorance {rN+ Int-4}
   (You found it on level 7 of a ziggurat)

   It affects your intelligence (-4).
   It protects you from negative energy.
 H - a +7 crystal plate armour (worn)
 Q - the +4 large shield of Resilience (worn) {Int+7 Dex+4}
   (You found it in a labyrinth)

   It affects your intelligence (+7).
   It affects your dexterity (+4).
 S - the +0 helmet "Ygor" (worn) {rPois MP+9 Int+3}
   (You found it on level 4 of the Lair of Beasts)

   It affects your intelligence (+3).
   It protects you from poison.
   It affects your magic capacity (+9).
 W - +2 gold dragon scales
Jewellery
 k - the ring of Robustness {AC+8}
   (You found it on level 18 of a ziggurat)

   [ring of protection]

   It affects your AC (+8).
 o - the ring "Plog" {rF+ MP+9}
   (You found it on level 7 of the Iron City of Dis)

   [ring of magical power]

   It protects you from fire.
   It affects your magic capacity (+9).
 y - a +5 amulet of reflection (around neck)
 F - the ring "Apoanalo" (right hand) {rN+ Int+4 Dex+3}
   (You found it on level 3 of the Crypt)

   [ring of positive energy]

   It affects your intelligence (+4).
   It affects your dexterity (+3).
   It protects you from negative energy.
 G - an uncursed ring of protection from cold
 V - the ring "Deefawof" (left hand) {rN+ MR+ Str+2 Slay+3}
   (You found it on level 2 of the Crypt)

   [ring of protection from magic]

   It affects your strength (+2).
   It affects your accuracy and damage with ranged weapons and melee attacks
   (+3).
   It protects you from negative energy.
   It affects your resistance to hostile enchantments.
 X - the ring "Adoe" {+Inv +Fly MP+9 SInv}
   (You found it on level 11 of a ziggurat)

   [ring of magical power]

   It affects your magic capacity (+9).
   It lets you see invisible.
   It lets you turn invisible.
   It lets you fly.
Wands
 s - a wand of scattershot (12)
 I - a wand of digging (49)
 J - a wand of acid (36)
Scrolls
 l - 10 scrolls of fear
 q - 6 scrolls of magic mapping
 r - 10 scrolls of identify
 t - 11 scrolls of blinking
 x - 29 scrolls of remove curse
 z - 8 scrolls of immolation
 M - 3 scrolls of enchant armour
 N - 6 scrolls of enchant weapon
 O - 5 scrolls of silence
 T - 15 scrolls of fog
 U - 30 scrolls of teleportation
 Y - 3 scrolls of summoning
Potions
 d - 8 potions of might
 g - 14 potions of curing
 h - 10 potions of brilliance
 i - a potion of flight
 n - 4 potions of invisibility
 p - 5 potions of agility
 v - 3 potions of cancellation
 w - 3 potions of berserk rage
 C - 5 potions of resistance
 K - 6 potions of haste
 L - 9 potions of mutation
 P - a potion of magic
Books
 c - a manual of Invocations
 j - a manual of Stealth
Miscellaneous
 B - a lightning rod (4/4)
 R - 8 phantom mirrors
 Z - a lamp of fire
Comestibles
 f - 74 rations


   Skills:
 + Level 25.5 Fighting
 - Level 18.0(19.0) Axes
 - Level 11.5(16.0) Maces & Flails
 + Level 23.6 Armour
 + Level 12.0 Dodging
 - Level 25.0 Shields
 - Level 6.0 Spellcasting
 - Level 10.0 Charms
 + Level 16.8 Necromancy
 * Level 15.9 Translocations
 - Level 4.0 Transmutations
 - Level 4.0 Earth Magic
 + Level 17.7 Invocations
 - Level 5.0 Evocations


You had 3 spell levels left.
You knew the following spells:

 Your Spells              Type           Power        Failure   Level  Hunger
a - Blink                 Tloc           N/A          1%          2    None
b - Passwall              Tmut/Erth      ####....     19%         2    None
c - Animate Skeleton      Necr           N/A          1%          1    None
d - Apportation           Tloc           ######       1%          1    None
e - Regeneration          Chrm/Necr      ######....   1%          3    #......
f - Animate Dead          Necr           N/A          1%          4    ###....
g - Dispel Undead         Necr           ######..     1%          5    #####..
h - Death Channel         Necr           ######....   10%         6    ######.
i - Recall                Summ/Tloc      N/A          8%          3    #......
j - Controlled Blink      Tloc           N/A          99%         8    #######

Your spell library contained the following spells:

 Spells                   Type           Power        Failure   Level  Hunger
 Infusion                 Chrm           ####         1%          1    None
 Pain                     Necr           ####         1%          1    None
 Corpse Rot               Necr           N/A          1%          2    None
 Shroud of Golubria       Chrm/Tloc      ######....   1%          2    None
 Song of Slaying          Chrm           ######..     1%          2    None
 Sublimation of Blood     Necr           ######....   1%          2    None
 Gell's Gravitas          Tloc           ######....   1%          3    #......
 Lesser Beckoning         Tloc           ######....   1%          3    #......
 Teleport Other           Tloc           ######..     1%          3    #......
 Vampiric Draining        Necr           ######....   1%          3    #......
 Portal Projectile        Hex/Tloc       #####.       8%          3    #......
 Beastly Appendage        Tmut           ####..       12%         1    None
 Sandblast                Erth           ####..       12%         1    None
 Swiftness                Chrm/Air       ####....     12%         2    None
 Sticks to Snakes         Tmut           ####....     19%         2    None
 Ozocubu's Armour         Chrm/Ice       ####....     24%         3    #......
 Spectral Weapon          Hex/Chrm       ####....     24%         3    #......
 Confusing Touch          Hex            #.....       54%         1    None
 Corona                   Hex            #......      54%         1    None
 Flame Tongue             Conj/Fire      #....        54%         1    None
 Freeze                   Ice            #...         54%         1    None
 Magic Dart               Conj           #...         54%         1    None
 Shock                    Conj/Air       #...         54%         1    None
 Summon Butterflies       Summ           #.......     54%         1    None
 Spider Form              Tmut/Pois      ###.......   63%         3    #......
 Stone Arrow              Conj/Erth      ###...       63%         3    #......
 Call Imp                 Summ           #.......     67%         2    None
 Ensorcelled Hibernation  Hex/Ice        #.....       67%         2    None
 Poisonous Vapours        Pois/Air       #.....       67%         2    None
 Searing Ray              Conj           #.....       67%         2    None
 Slow                     Hex            #.......     67%         2    None
 Throw Flame              Conj/Fire      #.....       67%         2    None
 Throw Frost              Conj/Ice       #.....       67%         2    None
 Ignite Poison            Fire/Tmut/Pois ##......     73%         3    #......
 Call Canine Familiar     Summ           #.......     88%         3    #......
 Confuse                  Hex            #.......     88%         3    #......
 Conjure Flame            Conj/Fire      #.......     88%         3    #......
 Dazzling Spray           Conj/Hex       #.....       88%         3    #......
 Inner Flame              Hex/Fire       #.......     88%         3    #......
 Mephitic Cloud           Conj/Pois/Air  #.......     88%         3    #......
 Static Discharge         Conj/Air       #.......     88%         3    #......
 Tukima's Dance           Hex            #.......     88%         3    #......
 Passage of Golubria      Tloc           N/A          1%          4    ###....
 Agony                    Necr           ######..     1%          5    #####..
 Excruciating Wounds      Chrm/Necr      ######....   7%          5    #####..
 Dispersal                Tloc           ######....   14%         6    ######.
 Force Lance              Conj/Tloc      #####...     24%         4    ###....
 Borgnjor's Vile Clutch   Necr/Erth      ######....   24%         5    #####..
 Bolt of Draining         Conj/Necr      #####.....   50%         5    #####..
 Summon Forest            Summ/Tloc      #####.....   56%         5    #####..
 Petrify                  Tmut/Erth      ####....     77%         4    ###....
 Iskenderun's Battlesphe  Conj/Chrm      ####....     92%         5    #####..
 Ice Form                 Ice/Tmut       ###.....     95%         4    ###....
 Leda's Liquefaction      Hex/Erth       ###.......   95%         4    ###....
 Simulacrum               Ice/Necr       #####.....   97%         6    ######.
 Blade Hands              Tmut           ####......   98%         5    #####..
 Lee's Rapid Deconstruct  Erth           ####......   98%         5    #####..
 Airstrike                Air            #.........   99%         4    ###....
 Cause Fear               Hex            #.........   99%         4    ###....
 Fulminant Prism          Conj/Hex       #.........   99%         4    ###....
 Iskenderun's Mystic Bla  Conj           #.......     99%         4    ###....
 Sticky Flame             Conj/Fire      #.......     99%         4    ###....
 Summon Ice Beast         Ice/Summ       #.......     99%         4    ###....
 Summon Lightning Spire   Summ/Air       #.......     99%         4    ###....
 Throw Icicle             Conj/Ice       #.......     99%         4    ###....
 Disjunction              Tloc           ######....   99%         8    #######
 Alistair's Intoxication  Tmut/Pois      ###.....     100%        5    #####..
 Aura of Abjuration       Summ           #.........   100%        5    #####..
 Bolt of Magma            Conj/Fire/Erth ##........   100%        5    #####..
 Fireball                 Conj/Fire      #.........   100%        5    #####..
 Irradiate                Conj/Tmut      ###.......   100%        5    #####..
 Lightning Bolt           Conj/Air       #.........   100%        5    #####..
 Metabolic Englaciation   Hex/Ice        #.........   100%        5    #####..
 Silence                  Hex/Air        #.........   100%        5    #####..
 Summon Demon             Summ           #.........   100%        5    #####..
 Summon Mana Viper        Hex/Summ       #.......     100%        5    #####..
 Venom Bolt               Conj/Pois      #.........   100%        5    #####..
 Yara's Violent Unravell  Hex/Tmut       ###.......   100%        5    #####..
 Bolt of Cold             Conj/Ice       #.........   100%        6    ######.
 Bolt of Fire             Conj/Fire      #.........   100%        6    ######.
 Conjure Ball Lightning   Conj/Air       #.........   100%        6    ######.
 Darkness                 Hex            #.........   100%        6    ######.
 Deflect Missiles         Chrm/Air       ####......   100%        6    ######.
 Freezing Cloud           Conj/Ice/Air   #.........   100%        6    ######.
 Hydra Form               Tmut           ####......   100%        6    ######.
 Invisibility             Hex            #.......     100%        6    ######.
 Iron Shot                Conj/Erth      ###.......   100%        6    ######.
 Ozocubu's Refrigeration  Ice            #.........   100%        6    ######.
 Shadow Creatures         Summ           N/A          100%        6    ######.
 Statue Form              Tmut/Erth      ####.....    100%        6    ######.
 Dragon Form              Tmut           ####......   100%        7    #######
 Malign Gateway           Summ/Tloc      #####.....   100%        7    #######
 Monstrous Menagerie      Summ           #.........   100%        7    #######
 Orb of Destruction       Conj           #.........   100%        7    #######
 Ring of Flames           Chrm/Fire      ####......   100%        7    #######
 Spellforged Servitor     Conj/Summ      #.........   100%        7    #######
 Summon Greater Demon     Summ           #.........   100%        7    #######
 Discord                  Hex            #.........   100%        8    #######
 Ignition                 Fire           #.........   100%        8    #######
 Summon Horrible Things   Summ           #.........   100%        8    #######
 Dragon's Call            Summ           #.........   100%        9    #######
 Shatter                  Erth           ####......   100%        9    #######
 Tornado                  Air            #.........   100%        9    #######


Dungeon Overview and Level Annotations

Branches:
Dungeon (15/15)            Temple (0/1) D:6            Lair (6/6) D:11
  Swamp (4/4) Lair:4        Snake (4/4) Lair:4        Slime (0/5) Lair:6
    Orc (2/2) D:10            Elf (3/3) Orc:2        Vaults (5/5) D:13
  Crypt (3/3) Vaults:2       Tomb (0/3) Crypt:3      Depths (5/5) D:15
   Hell (1/1)                 Dis (7/7) Hell            Geh (0/7) Hell
    Coc (0/7) Hell            Tar (0/7) Hell
    Zot: Depths:5

Altars:
Elyvilon
Fedhas
Gozag
Kikubaaqudgha
Makhleb
Okawaru
Qazlal
Ru
Sif Muna
Trog
Uskayaw
Vehumet
Yredelemnul
The Shining One
Jiyva

Shops:
D:8 *   Orc:1 ?   Orc:2 [*}!   Elf:1 %   Elf:3 ?   Snake:4 (

Portals:
Hell: Depths:1 Depths:2 Depths:3 Depths:4
Abyss: Depths:1 Depths:2 Depths:3 Depths:4
Pandemonium: Depths:3


Innate Abilities, Weirdness & Mutations

You have claws for feet.
You are completely covered in iridescent scales. (AC +6)
A powerful demonic guardian rushes to your aid.
You regenerate a lot of health from kills.
Your magical and physical power is greatly enhanced at high health.
You have sharp fingernails.
You are agile. (Dex +2)
Scrolls take you a little longer to read.
You are frail. (-10% HP)
Your natural rate of healing is unusually fast.
You are covered in fur. (AC +1)
You expend magic power (3 MP) to strengthen your wands.


Message History

You block the phantasmal warrior's attack.
You barely miss the greater mummy. You claw the greater mummy.
The greater mummy is almost destroyed.
You hit something but do no damage. You hit the wraith but do no damage.
You slash the phantasmal warrior! x2
You destroy the phantasmal warrior!
You are engulfed in dark miasma.
You feel your flesh rotting away!
You feel ill.
You feel as though you will be slow longer.
* * * LOW HITPOINT WARNING * * *
Something hits you but does no damage. You block the greater mummy's attack.
You block the wraith's attack.
The ushabti shakes and rattles.
The vile air hits the phantasmal warrior.
The vile air hits you!
* * * LOW HITPOINT WARNING * * *
The mummy priest mumbles some strange prayers to its god against you.
Something smites you!
You die... ...M.........▓▓ ..MM....W.....▓▓ #.MMW...#ZM....▓▓ MMM4V..ZMWZM.ZM.▓▓ ZMMMM..MMMMnMSW..▓▓ Z.4.M..Z.M.MZ4MM4.▓ MMMMZ..MVMZMM8M.M▓▓ MzMMM.ZMMMMWVWWS▓▓

#.MM.Z.M#MM.W{@▓▓
..M....MMMMZMM▓▓
........ZZMZS▓▓
........ZMM▓▓
........M▓▓
........▓▓
▓▓▓▓▓▓▓▓▓


You could see 2 greater mummies, 3 mummy priests, an orange demon, a phantasmal
warrior, 3 mana vipers, a hellwing, 5 guardian mummies, an ushabti, a freezing
wraith, 2 hungry ghosts, 2 vampires, 2 wraiths, a necrophage, a shadow, 26
mummies, a spriggan defender simulacrum, a tengu reaver simulacrum, a sphinx
zombie, a titan zombie, 2 deep elf elementalist zombies, a quicksilver dragon
skeleton, 2 deep elf sorcerer skeletons, 2 titan skeletons and a deep elf
elementalist skeleton.

Vanquished Creatures
  Dispater (Dis:7)
  2 pandemonium lords
  2 ancient liches
  Mennas (Crypt:3)
  3 juggernauts
  2 greater mummies
  the Lernaean hydra (Swamp:4)
  A shard shrike (Zig:5)
  Geryon (Hell)
  6 caustic shrikes
  5 golden dragons
  Nikola (Swamp:4)
  6 profane servitors
  7 iron giants
  11 bone dragons
  4 Tzitzimimeh
  2 Brimstone Fiends (Dis:7)
  16 liches
  7 tentacled monstrosities
  5 Ice Fiends
  8 Hell Sentinels
  2 deep elf blademasters
  8 titans
  Asterion (Snake:3)
  A quicksilver dragon (Vaults:5)
  7 acid blobs (Zig:19)
  17 ancient champions
  Frances (D:12)
  23 tentacled starspawn
  6 sphinxes
  2 Executioners
  Gastronok (D:12)
  2 deep elf master archers
  Kirke (D:14)
  A draconian monk (Abyss:5)
  4 shadow dragons
  11 tengu reavers
  A thorn hunter (Abyss:5)
  Roxanne (D:14)
  6 storm dragons
  An azure jelly (Zig:19)
  The ghost of Conn321 the Thaumaturge, an adept OpWz of Sif Muna (Swamp:4)
  17 nagarajas
  4 draconian knights
  11 fire giants
  11 cacodemons
  4 draconian scorchers
  9 iron dragons
  20 frost giants
  18 vault wardens
  3 ghost moths
  16 ghouls
  An emperor scorpion (Abyss:4)
  2 curse skulls (Crypt:2)
  35 reapers
  6 deep elf sorcerers
  2 draconian shifters
  3 spriggan defenders
  Louise (Snake:3)
  3 balrugs
  4 deep elf elementalists
  An angel (Zig:8)
  2 caustic shrike skeletons (Zig:18)
  18 ironheart preservers
  41 very ugly things
  3 draconian annihilators (Zig:16)
  2 draconian stormcallers (Zig:16)
  2 juggernaut skeletons
  An ophan (Abyss:5)
  A green draconian (Abyss:5)
  28 stone giants
  8 war gargoyles
  6 vampire knights
  The ghost of Xeddua the Severer, a journeyman MiBe of Trog (Lair:5)
  2 entropy weavers
  9 deep elf demonologists
  2 black suns (Zig:15)
  3 yellow draconians (Zig:16)
  2 bennus (Zig:20)
  2 black draconians (Zig:16)
  4 deep elf annihilators (Elf:3)
  7 lorocyprocas
  5 spark wasps
  5 purple draconians (WizLab)
  4 red draconians
  7 dire elephants
  3 white draconians
  7 ettins
  12 deep elf death magi
  7 statues (WizLab)
  13 eidola
  18 blizzard demons
  2 death oozes (Zig:19)
  A spectral golden dragon (Zig:15)
  2 mummy priests (Zig:20)
  2 jiangshi (Crypt:1)
  Snorg (Orc:1)
  10 fire dragons
  A merfolk impaler (Depths:1)
  A green death (Abyss:2)
  30 yaktaur captains
  14 great orbs of eyes
  5 quicksilver dragon zombies
  Erolcha (Orc:1)
  4 deep elf high priests
  3 hell beasts
  11 rakshasas
  A quicksilver dragon skeleton (Zig:18)
  10 ice dragons
  13 naga warriors
  33 hydras
  3 ghost crabs
  30 vault guards
  15 centaur warriors
  5 spriggan air magi
  4 catoblepae
  41 two-headed ogres
  26 dancing weapons
  7 death knights
  2 anacondas
  2 satyrs (Abyss:5)
  10 deep troll shamans
  14 ogre magi
  4 tengu warriors
  A death scarab (Zig:20)
  9 alligators
  A death yak (Zig:11)
  The ghost of iamserjio the Geomancer, a journeyman DEEE of Vehumet (D:13)
  57 thrashing horrors
  The ghost of galech the Cleaver, a novice DsFi of Okawaru (D:9)
  6 deep troll earth magi
  6 vampire magi
  18 hell hogs
  An orc high priest (Orc:2)
  7 titan zombies
  A spectral elf (Zig:15)
  14 naga sharpshooters
  16 sun demons
  7 shock serpents
  6 spriggan berserkers
  15 deep elf knights
  3 salamander mystics
  4 storm dragon zombies
  A fire crab (shapeshifter) (D:15)
  11 soul eaters
  A spectral spark wasp (Zig:15)
  2 ghost moth zombies
  26 wretched stars
  8 sixfirhies
  A titan skeleton (Zig:18)
  12 hell knights
  5 iron golems
  A spark wasp zombie (Zig:9)
  A fire crab (Zig:11)
  7 spatial maelstroms
  17 iron trolls
  4 shadow wraiths
  A quicksilver dragon simulacrum (Crypt:1)
  A storm dragon skeleton (Zig:18)
  An infernal demonspawn (Zig:8)
  73 skeletal warriors
  4 shadow demons
  A golden dragon zombie (Dis:2)
  130 starcursed masses
  19 flayed ghosts
  3 unseen horrors
  9 glowing orange brains
  5 anaconda zombies
  7 naga ritualists
  A spectral iron dragon (Zig:15)
  8 deep elf archers
  2 spriggan druids
  17 swamp dragons
  26 deep trolls
  A swamp dragon (shapeshifter) (Vaults:1)
  2 golden dragon skeletons
  31 phantasmal warriors
  An orange crystal statue (Zig:3)
  7 mana vipers
  8 wizards
  17 ironbrand convokers
  A sphinx zombie (Crypt:1)
  8 necromancers
  3 frost giant zombies
  A lindwurm (Zig:13)
  4 shadow dragon zombies
  7 harpies
  2 stone giant zombies
  13 salamanders
  2 wolf spider zombies
  2 orb spiders (Zig:4)
  2 anaconda skeletons
  5 wolf spiders
  6 oklob plants
  12 orc knights
  A cyclops (shapeshifter) (Vaults:5)
  A shining eye (Zig:19)
  2 orc sorcerers
  A mana viper (shapeshifter) (Zig:17)
  8 cyclopes
  85 deep elf magi
  27 ugly things
  3 iron dragon zombies
  10 worldbinders (Abyss:5)
  3 shadow dragon skeletons
  2 sphinx skeletons (Zig:9)
  4 fire giant zombies
  12 elephants
  A manticore (D:14)
  11 guardian serpents
  A stone giant skeleton (Dis:1)
  3 dire elephant zombies
  5 apocalypse crabs (Abyss:5)
  21 vault sentinels
  2 spriggan zombies (Zig:20)
  A frost giant skeleton (Crypt:1)
  Joseph (D:7)
  40 rust devils
  6 eyes of devastation
  3 centaur zombies
  An eye of devastation (shapeshifter) (Elf:3)
  19 smoke demons
  36 black mambas
  2 gargoyles (D:12)
  A shock serpent zombie (Dis:6)
  3 molten gargoyles (Hell)
  3 torpor snails (Zig:13)
  37 spiny frogs
  2 ice statues
  26 naga magi
  2 water nymphs (Abyss:5)
  2 rime drakes (shapeshifter)
  5 orange demons
  4 emperor scorpion zombies
  18 hellions
  3 demonic crawlers
  A shock serpent skeleton (Crypt:2)
  9 komodo dragons
  A komodo dragon (shapeshifter) (Depths:1)
  An efreet (D:15)
  24 ancient zymes
  4 kobold demonologists
  27 tormentors
  2 elf skeletons (Zig:18)
  9 guardian mummies
  A tengu conjurer (Depths:4)
  A death yak skeleton (Crypt:1)
  5 rime drakes
  4 hellwings (Abyss:2)
  19 ice devils
  28 freezing wraiths
  71 yaktaurs
  A white draconian skeleton (Crypt:2)
  19 red devils
  An anaconda simulacrum (Abyss:5)
  3 hydra zombies
  3 meliai (D:14)
  13 trolls
  A silent spectre (Abyss:5)
  A harpy zombie (Dis:3)
  2 tyrant leeches (shapeshifter)
  A jumping spider (shapeshifter) (Vaults:3)
  3 fire dragon zombies
  9 tyrant leeches
  2 polar bears
  3 meliai (shapeshifter)
  A wind drake (shapeshifter) (Vaults:3)
  11 hornets
  A merfolk (shapeshifter) (Depths:4)
  2 hydra skeletons (Hell)
  33 slime creatures
  20 bog bodies
  8 dream sheep
  3 ice dragon zombies
  11 hippogriffs
  A fire giant simulacrum (Crypt:1)
  2 alligator zombies
  A frost giant simulacrum (Vaults:2)
  64 raiju
  A stone giant simulacrum (Abyss:5)
  28 blink frogs
  7 ettin zombies
  A meliai zombie (D:15)
  An alligator skeleton (Dis:1)
  30 flying skulls
  32 wraiths
  5 air elementals
  5 redbacks
  14 water elementals
  36 yaks
  A fire dragon skeleton (Crypt:1)
  A vampire (D:12)
  A yak (shapeshifter) (Vaults:5)
  2 ushabtiu (Zig:20)
  9 ynoxinuls
  6 wyverns
  18 shadows
  2 black mamba zombies
  7 spriggans
  3 spriggan skeletons
  2 humans (shapeshifter)
  A steam dragon (D:12)
  3 basilisks
  A golden eye (shapeshifter) (Depths:4)
  4 golden eyes
  15 fire elementals
  2 hogs (D:14)
  5 fire bats
  15 chaos spawn
  11 neqoxecs
  4 hungry ghosts
  16 vampire mosquitoes
  A basilisk (shapeshifter) (Depths:3)
  63 nagas
  5 wargs
  3 insubstantial wisps (Swamp:1)
  68 large abominations
  13 spatial vortices (Abyss:5)
  15 swamp worms
  4 spiny frog zombies
  3 acid dragons (D:12)
  36 hell hounds
  3 soldier ants (shapeshifter)
  19 water moccasins
  A floating eye (shapeshifter) (Depths:2)
  A porcupine (shapeshifter) (Abyss:2)
  7 porcupines
  12 swamp drakes
  A black bear (shapeshifter) (Abyss:5)
  3 manticore zombies
  A faun skeleton (Crypt:1)
  23 necrophages
  33 orc warriors
  5 ice beasts
  2 black bears
  2 ice dragon simulacra
  8 eyes of draining
  5 phantoms
  5 sky beasts
  An ettin simulacrum (Vaults:3)
  2 snapping turtle zombies
  3 wolves
  9 boggarts
  41 ogres
  22 centaurs
  18 crocodiles
  4 big kobolds
  20 bullfrogs
  4 earth elementals
  3 elf zombies
  A yaktaur skeleton (Crypt:2)
  A glowing shapeshifter simulacrum (Zig:9)
  5 scorpions
  3 wyvern skeletons (Crypt:3)
  A water moccasin skeleton (D:6)
  7 killer bees (D:8)
  An orc simulacrum (Vaults:1)
  A polar bear zombie (Crypt:2)
  2 troll zombies (Swamp:1)
  A human simulacrum (Vaults:1)
  A troll skeleton (Swamp:1)
  2 vampire bats (Orc:1)
  16 wights
  A polar bear skeleton (Crypt:1)
  7 electric eels
  4 crimson imps
  35 small abominations
  5 hounds
  A wyvern simulacrum (D:14)
  A human zombie (Dis:7)
  6 quasits
  Crazy Yiuf (D:2)
  3 centaur skeletons
  17 orc priests
  31 iron imps
  21 orc wizards
  14 jellies
  4 bullfrog skeletons
  4 iguanas
  7 worker ants
  4 yak simulacra (Lair:4)
  3 polar bear simulacra (Lair:4)
  A lightning spire (Zig:7)
  A porcupine skeleton (Crypt:1)
  2 wolf simulacra (Lair:4)
  A tengu zombie (Dis:7)
  A crocodile zombie (Crypt:2)
  An ogre zombie (Dis:7)
  An acid dragon skeleton (Crypt:2)
  3 hound skeletons (D:5)
  14 mummies
  A howler monkey zombie (Crypt:2)
  2 gnolls (D:5)
  14 adders
  4 shadow imps
  5 white imps
  3 ufetubi (Abyss:2)
  3 oozes
  An adder zombie (D:5)
  2 adder skeletons
  3 dart slugs
  4 leopard geckos
  92 orcs
  14 bats
  6 giant cockroaches
  5 hobgoblins
  11 jackals
  26 kobolds
  6 quokkas
  3 frilled lizards
  6 goblins
  A jackal skeleton (D:4)
  A kobold simulacrum (Abyss:5)
  A leopard gecko skeleton (Crypt:1)
  A leopard gecko zombie (Crypt:2)
  A quokka skeleton (D:4)
  3 quokka zombies
  9 rats
  2 river rat simulacra (Lair:4)
  3 crawling corpses (Zig:12)
  A fire vortex (Lair:3)
  5 fungi
  A lurking horror (Abyss:5)
  10 plants
  23 starspawn tentacles
  A withered plant (Crypt:3)
3721 creatures vanquished.

Vanquished Creatures (collateral kills)
  An ancient lich (Zig:17)
  A juggernaut (Depths:4)
  Vashnia (Snake:2)
  A caustic shrike (Zig:11)
  Jory (Vaults:4)
  A golden dragon (Zig:17)
  A profane servitor (Abyss:5)
  2 bone dragons (Dis:7)
  3 iron giants (Dis:7)
  A Hell Sentinel (Dis:7)
  A hellephant (Zig:13)
  Rupert (D:13)
  A titan (Depths:3)
  A deep elf blademaster (Elf:3)
  4 tentacled starspawn
  A deep elf master archer (Elf:3)
  An Executioner (Abyss:5)
  6 ancient champions
  2 shadow dragons
  A tengu reaver (Zig:17)
  A draconian monk (Zig:6)
  A thorn hunter (Swamp:2)
  3 revenants
  9 nagarajas
  2 deep elf sorcerers
  3 azure jellies (Zig:19)
  2 draconian scorchers
  2 fire giants
  A frost giant (Vaults:5)
  2 balrugs
  A ghoul (Crypt:3)
  A draconian stormcaller (Zig:6)
  4 reapers
  2 draconian shifters (Zig:16)
  3 stone giants
  2 ironheart preservers
  A spriggan defender (Depths:4)
  6 very ugly things
  A black sun (Zig:15)
  2 deep elf demonologists (Elf:3)
  A vampire knight (Abyss:4)
  A green draconian (Zig:16)
  The ghost of Garbasso the Grappler, a journeyman TrBe of Trog (Lair:6)
  A minotaur (Lab)
  A spark wasp (Depths:2)
  6 purple draconians (WizLab)
  4 deep elf death magi
  2 statues (WizLab)
  An eidolon (Crypt:2)
  A death ooze (Lair:6)
  A quicksilver dragon zombie (Dis:1)
  3 yaktaur captains
  Josephine (D:10)
  3 deep elf high priests
  2 great orbs of eyes (Zig:19)
  A jiangshi (Crypt:2)
  2 fire dragons
  5 starcursed masses
  A rakshasa (Vaults:3)
  2 hydras
  A spriggan air mage (Depths:4)
  6 naga warriors
  A death knight (Crypt:2)
  Erica (D:10)
  An alligator (shapeshifter) (Depths:4)
  3 ogre magi
  A centaur warrior (D:14)
  10 two-headed ogres
  An anaconda (Snake:3)
  4 dancing weapons
  A death yak (shapeshifter) (Zig:17)
  A tengu warrior (Depths:1)
  A vampire mage (Crypt:2)
  3 thrashing horrors (Abyss:5)
  A titan zombie (Dis:7)
  A storm dragon zombie (Dis:7)
  Nergalle (Lair:4)
  3 naga sharpshooters (Snake:2)
  2 hell knights (Depths:4)
  3 deep elf knights
  A sixfirhy (Abyss:3)
  2 wretched stars
  11 skeletal warriors
  A small abomination (Elf:3)
  A glowing orange brain (Abyss:5)
  An anaconda zombie (Dis:7)
  A golden dragon zombie (Dis:7)
  A swamp dragon (Swamp:4)
  6 deep trolls
  An orange crystal statue (Crypt:2)
  A spriggan druid (Zig:13)
  3 deep elf archers
  3 ironbrand convokers
  3 phantasmal warriors
  4 necromancers
  A mana viper (Snake:1)
  13 deep elf magi
  5 oklob plants
  6 ugly things
  An iron dragon zombie (Dis:7)
  A salamander (Snake:2)
  3 cyclopes
  An orc sorcerer (Zig:12)
  A shining eye (Abyss:5)
  2 worldbinders (Abyss:5)
  3 fire giant zombies
  4 elephants
  A molten gargoyle (Hell)
  5 guardian serpents
  2 ice statues (IceCv)
  A vault sentinel (Vaults:4)
  4 black mambas
  4 naga magi
  2 large abominations (Abyss:5)
  A smoke demon (Abyss:5)
  An eye of devastation (Zig:19)
  5 spiny frogs
  A torpor snail (shapeshifter) (Abyss:5)
  A kobold demonologist (D:14)
  2 hellions (Dis:7)
  A rime drake (shapeshifter) (Vaults:3)
  2 rime drakes
  2 tormentors
  An ice devil (Dis:7)
  3 komodo dragons
  11 yaktaurs
  A hellwing (Depths:3)
  A spectral glowing shapeshifter (Zig:15)
  4 trolls
  A hydra zombie (Crypt:3)
  A red devil (Depths:3)
  A hornet (Lair:5)
  2 raiju (Abyss:5)
  3 slime creatures
  Prince Ribbit (D:7)
  A stone giant simulacrum (Vaults:5)
  A bog body (Swamp:4)
  A hippogriff (Lair:6)
  11 blink frogs
  2 dream sheep (Lair:4)
  A flying skull (Dis:7)
  A shadow (Swamp:1)
  A tarantella (Abyss:4)
  A water elemental (Depths:1)
  5 wraiths
  A ynoxinul (Abyss:5)
  2 wyverns
  A basilisk (Lair:3)
  6 yaks
  A fire bat (Abyss:5)
  2 hogs (D:14)
  2 hungry ghosts (Lab)
  A vampire mosquito (Lair:6)
  A warg (D:10)
  An acid dragon (shapeshifter) (Zig:12)
  4 nagas
  2 swamp worms (Swamp:4)
  5 water moccasins
  A spiny frog zombie (Hell)
  2 orc warriors
  A swamp drake (Swamp:4)
  9 ogres
  A sky beast (D:9)
  5 ice beasts
  2 elf skeletons (Vaults:5)
  3 crocodiles
  2 centaurs
  2 big kobolds
  5 bullfrogs
  A scorpion (D:4)
  7 wights
  A crimson imp (D:12)
  A black bear zombie (Crypt:2)
  3 hounds
  3 jellies (Lair:6)
  An orc priest (D:11)
  An iron imp (Dis:5)
  4 orc wizards
  4 adders
  A gnoll (D:5)
  An ufetubus (Abyss:2)
  An ooze (D:5)
  6 orcs
  A jackal zombie (D:8)
  3 kobolds
  A bush (Swamp:4)
  A fungus (Lair:5)
  A plant (Lair:4)
  A starspawn tentacle (Abyss:5)
443 creatures vanquished.

Vanquished Creatures (others)
  An eldritch tentacle (Dis:1)
  A fire giant (Depths:2)
  A draconian scorcher (Zig:16)
  A stone giant (Depths:5)
  A vampire knight (Depths:4)
  A deep elf death mage (Elf:3)
  A merfolk javelineer (Abyss:5)
  A great orb of eyes (Depths:5)
  A vault guard (Vaults:5)
  A hydra (Swamp:4)
  A thrashing horror (Abyss:5)
  A naga sharpshooter (Snake:4)
  A necromancer (Vaults:5)
  A deep elf mage (Orc:1)
  A guardian serpent (Snake:4)
  A rust devil (Dis:7)
  4 yaktaurs
  2 bog bodies (Swamp:4)
  A blink frog (Abyss:5)
  A raiju (Abyss:5)
  A flying skull (Zig:18)
  A wraith (Abyss:5)
  A human (D:14)
  2 large abominations (Abyss:5)
  A big kobold (D:10)
  2 small abominations (Abyss:5)
  An orc wizard (D:8)
  A mummy (Zig:20)
  A quokka (D:9)
  2 demonic plants (Abyss:5)
  18 fungi
  A lurking horror (Abyss:5)
  38 plants
  45 starspawn tentacles
  21 withered plants (Crypt:3)
160 creatures vanquished.

Grand Total: 4324 creatures vanquished

Notes
Turn   | Place    | Note
-------+----------+-------------------------------------------
     0 | D:1      | Garbasso the Demonspawn Fighter began the quest for the
                  | Orb.
     0 | D:1      | Reached XP level 1. HP: 18/18 MP: 1/1
   280 | D:1      | Gained mutation: You regenerate a little health from kills.
                  | [demonic ancestry]
   280 | D:1      | Reached XP level 2. HP: 19/24 MP: 2/2
   909 | D:2      | Reached XP level 3. HP: 27/29 MP: 3/3
  1388 | D:2      | Found a runed door.
  1767 | D:3      | Gained mutation: You have sharp toenails. [demonic
                  | ancestry]
  1767 | D:3      | Reached XP level 4. HP: 32/35 MP: 4/4
  1974 | D:3      | Found an ancient bone altar of Kikubaaqudgha.
  2132 | D:3      | Found an iron altar of Okawaru.
  2156 | D:3      | Gained mutation: A weak demonic guardian rushes to your
                  | aid. [demonic ancestry]
  2156 | D:3      | Reached XP level 5. HP: 42/42 MP: 5/5
  2296 | D:3      | Found a glowing golden altar of the Shining One.
  2395 | D:3      | Found a burning altar of Makhleb.
  2400 | D:3      | Became a worshipper of Makhleb the Destroyer
  2477 | D:3      | Found a hide-covered altar of Uskayaw.
  2492 | D:3      | Found a deep blue altar of Sif Muna.
  2693 | D:4      | Noticed a phantom
  2718 | D:3      | Killed a phantom
  2718 | D:3      | Reached XP level 6. HP: 30/48 MP: 6/6
  3234 | D:4      | Reached * piety under Makhleb
  3339 | D:4      | Reached skill level 5 in Axes
  3349 | D:4      | Gained mutation: You regenerate health from kills. [demonic
                  | ancestry]
  3349 | D:4      | Reached XP level 7. HP: 55/55 MP: 7/7
  3404 | D:4      | Found a basalt altar of Yredelemnul.
  3629 | D:5      | Entered Level 5 of the Dungeon
  3777 | D:5      | Reached skill level 5 in Fighting
  4473 | D:6      | Found a staircase to the Ecumenical Temple.
  4574 | D:6      | Reached ** piety under Makhleb
  4605 | D:6      | Found a sacrificial altar of Ru.
  4740 | D:6      | Reached skill level 5 in Shields
  4740 | D:6      | Gained mutation: You are partially covered in iridescent
                  | scales. (AC +2) [demonic ancestry]
  4740 | D:6      | Reached XP level 8. HP: 63/63 MP: 8/8
  5348 | D:7      | Reached skill level 1 in Invocations
  5362 | D:7      | Noticed Joseph
  5372 | D:7      | Paralysed by Joseph for 5 turns
  5378 | D:7      | Killed Joseph
  5426 | D:7      | Got a scintillating lead ring
  5505 | D:7      | Noticed Prince Ribbit
  5530 | D:7      | Killed Prince Ribbit
  5599 | D:7      | Identified the ring "Ushass" {rF- rN+ MR+ Int+4} (You found
                  | it on level 7 of the Dungeon)
  5924 | D:7      | Learned a level 2 spell: Blink
  5989 | D:7      | Gained mutation: A demonic guardian rushes to your aid.
                  | [demonic ancestry]
  5989 | D:7      | Reached XP level 9. HP: 63/69 MP: 11/11
  6512 | D:8      | Reached *** piety under Makhleb
  6835 | D:8      | Found Siustut's Assorted Antiques.
  6843 | D:8      | Bought a fuming clear potion for 24 gold pieces
  6843 | D:8      | Bought a scroll labeled OMMALO HEDU for 27 gold pieces
  6843 | D:8      | Bought a scroll labeled XOATYMAOTWA for 27 gold pieces
  6843 | D:8      | Bought a scroll labeled FEOM NAORGHOERR for 27 gold pieces
  6978 | D:8      | Found an opulent altar of Gozag.
  7027 | D:8      | Noticed a two-headed ogre
  7032 | D:8      | Killed a two-headed ogre
  7432 | D:9      | Found a runed gate.
  7432 | D:9      | Found a runed gate.
  7432 | D:9      | Found a runed gate.
  7432 | D:9      | Noticed galech's ghost (novice DsFi)
  7432 | D:9      | Noticed a nine-headed hydra
  7460 | D:9      | Found a white marble altar of Elyvilon.
  7484 | D:9      | Noticed a two-headed ogre
  7491 | D:9      | Killed a two-headed ogre
  7491 | D:9      | Gained mutation: You have razor-sharp toenails. [demonic
                  | ancestry]
  7491 | D:9      | Reached XP level 10. HP: 53/79 MP: 13/13
  7686 | D:9      | Reached skill level 5 in Armour
  7886 | D:9      | Found a blossoming altar of Fedhas.
  8400 | D:10     | Entered Level 10 of the Dungeon
  8400 | D:10     | Noticed Erica
  8505 | D:9      | Gained mutation: You occasionally shout uncontrollably at
                  | your foes. [potion of mutation]
  8505 | D:9      | Gained mutation: You have a pair of small horns on your
                  | head. [potion of mutation]
  8506 | D:9      | Lost mutation: You occasionally shout uncontrollably at
                  | your foes. [potion of mutation]
  8506 | D:9      | Lost mutation: You have a pair of small horns on your head.
                  | [potion of mutation]
  8506 | D:9      | Gained mutation: Potions are less effective at restoring
                  | your health. [potion of mutation]
  8506 | D:9      | Gained mutation: You are agile. (Dex +2) [potion of
                  | mutation]
  8506 | D:9      | Gained mutation: You are resistant to hostile enchantments.
                  | (MR+) [potion of mutation]
  8524 | D:9      | Lost mutation: You are agile. (Dex +2) [potion of mutation]
  8524 | D:9      | Lost mutation: You are resistant to hostile enchantments.
                  | (MR+) [potion of mutation]
  8524 | D:9      | Gained mutation: You are occasionally teleported next to
                  | monsters. [potion of mutation]
  8524 | D:9      | Gained mutation: You have claws for feet. [potion of
                  | mutation]
  8525 | D:9      | Lost mutation: You are occasionally teleported next to
                  | monsters. [potion of mutation]
  8525 | D:9      | Lost mutation: Potions are less effective at restoring your
                  | health. [potion of mutation]
  8525 | D:9      | Lost mutation: You have claws for feet. [potion of
                  | mutation]
  8525 | D:9      | Gained mutation: You do not regenerate when monsters are
                  | visible. [potion of mutation]
  8525 | D:9      | Gained mutation: You evolve. [potion of mutation]
  8526 | D:9      | Lost mutation: You do not regenerate when monsters are
                  | visible. [potion of mutation]
  8526 | D:9      | Lost mutation: You evolve. [potion of mutation]
  8526 | D:9      | Gained mutation: Your system is resistant to poisons.
                  | (rPois) [potion of mutation]
  8526 | D:9      | Gained mutation: You have claws for feet. [potion of
                  | mutation]
  8526 | D:9      | Gained mutation: You have a pair of small horns on your
                  | head. [potion of mutation]
  8530 | D:10     | Noticed Josephine
  8539 | D:10     | Killed Erica
  8543 | D:10     | Killed Josephine
  8543 | D:10     | Reached skill level 10 in Axes
  8553 | D:10     | Reached **** piety under Makhleb
  8700 | D:10     | Identified a scroll of acquirement
  8701 | D:10     | Found the +8 mithril axe "Arga" {speed, MR+}
  8734 | D:10     | Learned a level 2 spell: Passwall
  8771 | D:10     | Found a staircase to the Orcish Mines.
  9029 | D:11     | Found a staircase to the Lair.
  9034 | D:11     | Gained mutation: You regenerate a lot of health from kills.
                  | [demonic ancestry]
  9034 | D:11     | Reached XP level 11. HP: 84/84 MP: 14/14
  9352 | D:11     | Found a portal to a secret trove of treasure.
  9477 | D:11     | Noticed a two-headed ogre
  9485 | D:11     | Killed a two-headed ogre
  9665 | Lair:1   | Entered Level 1 of the Lair of Beasts
  9835 | Lair:1   | Reached ***** piety under Makhleb
  9835 | Lair:1   | Reached skill level 5 in Invocations
  9994 | Lair:1   | Found a frozen archway.
 10005 | IceCv    | Entered an ice cave
 10033 | IceCv    | Noticed a white ugly thing
 10041 | IceCv    | Killed a white ugly thing
 11118 | IceCv    | Noticed a white ugly thing
 11152 | IceCv    | Killed a white ugly thing
 11177 | IceCv    | Learned a level 1 spell: Animate Skeleton
 12130 | Lair:2   | Found a labyrinth entrance.
 12145 | Lab      | Entered a labyrinth
 12346 | Lab      | Noticed a minotaur
 12365 | Lab      | Killed a minotaur
 12365 | Lab      | Gained mutation: Your magical and physical power is
                  | slightly enhanced at high health. [demonic ancestry]
 12365 | Lab      | Reached XP level 12. HP: 55/95 MP: 16/16
 12372 | Lab      | Got a shimmering large shield
 12383 | Lab      | Identified the +4 large shield of Resilience {Int+7 Dex+4}
                  | (You found it in a labyrinth)
 13126 | Lair:3   | Found a deep blue altar of Sif Muna.
 13991 | Lair:4   | Lost mutation: You have claws for feet. [potion of
                  | mutation]
 13991 | Lair:4   | Lost mutation: You have a pair of small horns on your head.
                  | [potion of mutation]
 13991 | Lair:4   | Gained mutation: You have an increased reservoir of magic.
                  | (+10% MP) [potion of mutation]
 13991 | Lair:4   | Gained mutation: You are clumsy. (Dex -2) [potion of
                  | mutation]
 13991 | Lair:4   | Gained mutation: You are covered in fur. (AC +1) [potion of
                  | mutation]
 13994 | Lair:4   | Got a translucent helmet
 14000 | Lair:4   | Identified the cursed +0 helmet "Ygor" {rPois MP+9 Int+3}
                  | (You found it on level 4 of the Lair of Beasts)
 14207 | Lair:4   | Reached skill level 10 in Fighting
 14272 | Lair:4   | Found a bloodstained altar of Trog.
 14293 | Lair:4   | Noticed Nergalle
 14299 | Lair:4   | Killed Nergalle
 14359 | Lair:4   | Found a staircase to the Snake Pit.
 14566 | Lair:4   | Found a staircase to the Swamp.
 14924 | Lair:5   | Reached XP level 13. HP: 103/103 MP: 21/21
 15173 | Lair:5   | Found a runed door.
 15174 | Lair:5   | Noticed Xeddua's ghost (journeyman MiBe)
 15449 | Lair:6   | Entered Level 6 of the Lair of Beasts
 15627 | Lair:6   | Reached skill level 10 in Shields
 15675 | Lair:6   | Found a runed gate.
 15676 | Lair:6   | Found a runed gate.
 15677 | Lair:6   | Found a runed gate.
 15677 | Lair:6   | Noticed Garbasso's ghost (journeyman TrBe)
 15682 | Lair:6   | Noticed a death ooze
 15689 | Lair:6   | Found a viscous altar of Jiyva.
 15733 | Lair:6   | Found a staircase to the Slime Pits.
 15781 | Lair:6   | Reached skill level 10 in Invocations
 16097 | Lair:6   | Learned a level 1 spell: Apportation
 16243 | Lair:6   | Gained mutation: You are mostly covered in iridescent
                  | scales. (AC +4) [demonic ancestry]
 16243 | Lair:6   | Reached XP level 14. HP: 113/113 MP: 23/23
 16759 | Orc:1    | Entered Level 1 of the Orcish Mines
 16893 | Orc:1    | Found Olig Xof's Magic Scroll Boutique.
 16898 | Orc:1    | Noticed Snorg
 16908 | Orc:1    | Killed Snorg
 17288 | Orc:2    | Entered Level 2 of the Orcish Mines
 17335 | Orc:2    | Found a staircase to the Elven Halls.
 17643 | Orc:2    | Found Jiysiugh's Antique Armour Emporium.
 17650 | Orc:2    | Found Etesur's Assorted Antiques.
 17685 | Orc:2    | Found Utaepsoss's Gadget Boutique.
 17695 | Orc:2    | Found Baifam's Distillery.
 17705 | Orc:2    | Bought a potion of invisibility for 120 gold pieces
 17705 | Orc:2    | Bought a potion of degeneration for 15 gold pieces
 17743 | Orc:2    | Bought a scroll of identify for 54 gold pieces
 17743 | Orc:2    | Bought a scroll labeled REMPUL EFRELL for 27 gold pieces
 17983 | Orc:1    | Noticed Erolcha
 17985 | Orc:1    | Killed Erolcha
 17995 | Orc:1    | Reached ****** piety under Makhleb
 18110 | Elf:1    | Entered Level 1 of the Elven Halls
 18128 | Elf:1    | Found a radiant altar of Vehumet.
 18159 | Elf:1    | Reached skill level 10 in Armour
 18184 | Elf:1    | Found a magical portal.
 18225 | WizLab   | Entered Iskenderun's Mystic Tower
 18434 | WizLab   | Gained mutation: Your magical and physical power is
                  | enhanced at high health. [demonic ancestry]
 18434 | WizLab   | Reached XP level 15. HP: 120/120 MP: 26/26
 18901 | WizLab   | Reached skill level 15 in Axes
 20140 | WizLab   | Identified Iskenderun's Disquisition on Conjuration
 20140 | WizLab   | Identified Iskenderun's Catalogue of Attacks
 20213 | Elf:1    | Learned a level 3 spell: Regeneration
 20303 | Elf:1    | Found Duduw's Food Emporium.
 20510 | Elf:1    | Identified the Papyrus of Darkness
 20780 | Elf:1    | Noticed a deep elf sorcerer
 20791 | Elf:1    | Killed a deep elf sorcerer
 21103 | Elf:2    | Found a runed gate.
 21103 | Elf:2    | Found a runed gate.
 21104 | Elf:2    | Found a runed gate.
 21118 | Elf:2    | Gained mutation: You have claws for feet. [demonic
                  | ancestry]
 21118 | Elf:2    | Reached XP level 16. HP: 129/129 MP: 28/28
 21757 | Elf:3    | Entered Level 3 of the Elven Halls
 22336 | Elf:3    | Cast into level 2 of the Abyss (a deep elf demonologist)
 22353 | Elf:3    | Escaped the Abyss
 22629 | Elf:3    | Noticed a Brimstone Fiend
 22700 | Elf:3    | Found Danaofaydd's Magic Scroll Shoppe.
 22707 | Elf:3    | Bought a scroll of silence for 97 gold pieces
 22707 | Elf:3    | Bought 3 scrolls of fog for 78 gold pieces
 22817 | Elf:3    | Cast into level 2 of the Abyss (a deep elf demonologist)
 22869 | Abyss:2  | Noticed a tentacled starspawn
 22879 | Abyss:2  | Killed a tentacled starspawn
 22892 | Elf:3    | Escaped the Abyss
 23272 | Elf:3    | Noticed an Executioner
 23584 | Elf:3    | Noticed a deep elf master archer
 23585 | Elf:3    | Noticed a deep elf blademaster
 23587 | Elf:3    | Found the +4 dagger "Morg" {pain, MR+ Int+5}
 23591 | Elf:3    | Killed a deep elf blademaster
 23591 | Elf:3    | Reached XP level 17. HP: 81/137 MP: 30/30
 23609 | Elf:3    | Killed a deep elf master archer
 23636 | Elf:3    | Got a wavering sapphire amulet
 23647 | Elf:3    | Identified the amulet of Dim Light {+Rage rC+ Str-4 Int+3}
                  | (You found it on level 3 of the Elven Halls)
 23745 | Elf:3    | Noticed a deep elf blademaster
 23747 | Elf:3    | Noticed a deep elf master archer
 23760 | Elf:3    | Killed a deep elf blademaster
 23766 | Elf:3    | Killed a deep elf master archer
 24252 | Swamp:1  | Entered Level 1 of the Swamp
 25756 | Swamp:3  | Identified the +5 scale mail "Seskopat" {rCorr Dex+2} (You
                  | found it on level 3 of the Swamp)
 26502 | Swamp:4  | Entered Level 4 of the Swamp
 26776 | Swamp:4  | Noticed Nikola
 26857 | Swamp:4  | Killed Nikola
 26922 | Swamp:4  | Noticed the 27-headed Lernaean hydra
 26927 | Swamp:4  | Killed the 27-headed Lernaean hydra
 26944 | Swamp:4  | Got a decaying rune of Zot
 26978 | Swamp:4  | Reached XP level 18. HP: 146/146 MP: 31/31
 27152 | Swamp:4  | Found a large runed door.
 27152 | Swamp:4  | Found a large runed door.
 27153 | Swamp:4  | Noticed Conn321's ghost (adept OpWz)
 27172 | Swamp:4  | Killed Conn321's ghost
 27698 | D:2      | Noticed Crazy Yiuf
 27701 | D:2      | Killed Crazy Yiuf
 27966 | D:9      | Killed galech's ghost
 28187 | Lair:5   | Killed Xeddua's ghost
 28299 | Lair:6   | Killed Garbasso's ghost
 28485 | D:12     | Noticed Frances
 28508 | D:12     | Killed Frances
 28805 | D:12     | Noticed Gastronok
 28813 | D:12     | Killed Gastronok
 28879 | D:12     | Identified the cursed +1 scale mail "Uppo Wua" {Int+3 Dex-2
                  | Stlth+} (You found it on level 12 of the Dungeon)
 29132 | D:13     | Noticed Rupert
 29140 | D:13     | Killed Rupert
 29339 | D:13     | Found a runed gate.
 29340 | D:13     | Found a runed gate.
 29342 | D:13     | Found a runed gate.
 29342 | D:13     | Noticed iamserjio's ghost (journeyman DEEE)
 29388 | D:13     | Killed iamserjio's ghost
 29393 | D:13     | Got a bloodstained cloak
 29411 | D:13     | Identified the +1 cloak "Istri" {*Slow rN+ Slay+3 SInv}
                  | (You found it on level 13 of the Dungeon)
 29604 | D:13     | Found a gate to the Vaults.
 30094 | D:14     | Noticed Kirke
 30105 | D:14     | Killed Kirke
 30484 | D:14     | Identified Roxanne's Catalogue of Changing
 30484 | D:14     | Noticed Roxanne
 30498 | D:14     | Killed Roxanne
 30525 | D:15     | Entered Level 15 of the Dungeon
 30588 | D:15     | Found a staircase to the Depths.
 30674 | D:15     | Found a stormy altar of Qazlal.
 30681 | D:15     | Reached skill level 15 in Fighting
 31510 | Snake:1  | Entered Level 1 of the Snake Pit
 32180 | Snake:2  | Gained mutation: A powerful demonic guardian rushes to your
                  | aid. [demonic ancestry]
 32180 | Snake:2  | Reached XP level 19. HP: 155/155 MP: 32/32
 32184 | Snake:2  | Reached skill level 15 in Shields
 32916 | Snake:2  | Noticed Vashnia
 32954 | Snake:2  | Killed Vashnia
 33062 | Snake:3  | Noticed Asterion
 33074 | Snake:3  | Killed Asterion
 33220 | Snake:3  | Found a basalt altar of Yredelemnul.
 33443 | Snake:3  | Noticed Louise
 33461 | Snake:3  | Killed Louise
 33641 | Snake:4  | Entered Level 4 of the Snake Pit
 33936 | Snake:4  | Reached skill level 15 in Invocations
 34268 | Snake:4  | Gained mutation: Your magical and physical power is greatly
                  | enhanced at high health. [demonic ancestry]
 34268 | Snake:4  | Reached XP level 20. HP: 164/164 MP: 34/34
 34347 | Snake:4  | Got a serpentine rune of Zot
 34453 | Snake:4  | Found Minox's Antique Weapon Shoppe.
 35096 | Vaults:1 | Entered Level 1 of the Vaults
 35834 | Vaults:1 | Reached skill level 15 in Armour
 35856 | Vaults:1 | Identified the Incunabulum of Enthralling Fire
 36317 | Vaults:1 | Identified the +6 arbalest of Offence {speed, rN+ Dex-2
                  | SInv}
 36906 | Vaults:2 | Found a staircase to the Crypt.
 36930 | Crypt:1  | Entered Level 1 of the Crypt
 37270 | Crypt:1  | Reached XP level 21. HP: 174/174 MP: 35/35
 37809 | Crypt:2  | Found a transporter.
 37837 | Crypt:2  | Identified the cursed +1 scale mail of Cheibriados's Esteem
                  | {Int+4} (You found it on level 2 of the Crypt)
 37838 | Crypt:2  | Found a transporter.
 37886 | Crypt:2  | Identified the +2 cloak "Qiutaulo" {rElec Int+3 Dex+4} (You
                  | found it on level 2 of the Crypt)
 37905 | Crypt:2  | Got a heavily runed ivory ring
 37917 | Crypt:2  | Identified the ring "Deefawof" {rN+ MR+ Str+2 Slay+3} (You
                  | found it on level 2 of the Crypt)
 38422 | Crypt:3  | Entered Level 3 of the Crypt
 38579 | Crypt:3  | Found a basalt altar of Yredelemnul.
 38745 | Crypt:3  | Noticed a profane servitor
 38745 | Crypt:3  | Noticed a profane servitor
 38754 | Crypt:3  | Killed a profane servitor
 38756 | Crypt:3  | Killed a profane servitor
 38764 | Crypt:3  | Identified the +1 pair of gloves of Understanding {MP+9}
                  | (You found it on level 3 of the Crypt)
 38772 | Crypt:3  | Got a slimy silver amulet
 38773 | Crypt:3  | Identified the amulet of Puroej {*Slow Fragile +Blink
                  | Regen+ SInv} (You found it on level 3 of the Crypt)
 38781 | Crypt:3  | Got a scintillating bone ring
 38782 | Crypt:3  | Identified the ring "Ximoykluoxt" {rN+ Str+2} (You found it
                  | on level 3 of the Crypt)
 38787 | Crypt:3  | Got a shimmering pewter ring
 38788 | Crypt:3  | Identified the ring "Apoanalo" {rN+ Int+4 Dex+3} (You found
                  | it on level 3 of the Crypt)
 39032 | Crypt:3  | Noticed Mennas
 39048 | Crypt:3  | Killed Mennas
 39434 | Crypt:3  | Found a staircase to the Tomb.
 39434 | Crypt:3  | Noticed a greater mummy
 39445 | Crypt:3  | Killed a greater mummy
 39732 | Crypt:3  | Reached XP level 22. HP: 182/182 MP: 36/36
 39970 | Vaults:2 | Identified the +2 pair of gloves of Ynaefush {Str+4} (You
                  | found it on level 2 of the Vaults)
 40163 | Vaults:2 | Reached skill level 1 in Maces & Flails
 40249 | Vaults:2 | Found a burning altar of Makhleb.
 40889 | Vaults:3 | Identified the +1 scale mail of Cowardice {rElec rPois
                  | Dex-4 Stlth-} (You found it on level 3 of the Vaults)
 41382 | Vaults:3 | Reached skill level 5 in Maces & Flails
 41899 | Vaults:4 | Noticed Jory
 41913 | Vaults:4 | Killed Jory
 42328 | Vaults:4 | Reached XP level 23. HP: 192/192 MP: 37/37
 43214 | Vaults:5 | Entered Level 5 of the Vaults
 43291 | Vaults:5 | Reached skill level 10 in Maces & Flails
 43327 | Vaults:5 | Identified the amulet "Fuomol" {Faith Int+4}
 43456 | Vaults:5 | Identified the +7 morningstar "Loosm" {venom, rPois rN+
                  | Dex-2}
 43468 | Vaults:5 | Reached XP level 24. HP: 201/201 MP: 37/37
 43797 | Vaults:5 | Got a silver rune of Zot
 44210 | Vaults:5 | Got a twitching bone ring
 44211 | Vaults:5 | Identified the ring of the Death Scarab {+Fly Str+2} (You
                  | acquired it on level 5 of the Vaults)
 44215 | Vaults:5 | Got a smoking bone ring
 44216 | Vaults:5 | Identified the ring of the Firefly {+Blink +Fly MR+ MP+9
                  | Dex-3} (You acquired it on level 5 of the Vaults)
 44468 | Vaults:5 | Identified the Almanac of the Mountains
 44968 | Depths:1 | Entered Level 1 of the Depths
 44968 | Depths:1 | Found a one-way gate to the infinite horrors of the Abyss.
 45019 | Depths:1 | Voluntarily entered the Abyss.
 45091 | Abyss:2  | Found a corrupted altar of Lugonu.
 45464 | Abyss:2  | Found a corrupted altar of Lugonu.
 45519 | Abyss:2  | Gained mutation: You are dopey. (Int -2) [a neqoxec]
 46046 | Abyss:5  | Entered Level 5 of the Abyss
 46483 | Abyss:5  | Gained mutation: You are completely covered in iridescent
                  | scales. (AC +6) [demonic ancestry]
 46483 | Abyss:5  | Reached XP level 25. HP: 211/211 MP: 37/37
 46600 | Abyss:5  | Lost mutation: You have an increased reservoir of magic.
                  | (+10% MP) [a cacodemon]
 46677 | Abyss:5  | Paralysed by accursed screaming for 1 turns
 46685 | Abyss:5  | Paralysed by accursed screaming for 1 turns
 46907 | Abyss:5  | Found a shimmering altar of Xom.
 46909 | Abyss:5  | Found a shimmering altar of Xom.
 46909 | Abyss:5  | Found a shimmering altar of Xom.
 46909 | Abyss:5  | Found a corrupted altar of Lugonu.
 46914 | Abyss:5  | Found a shimmering altar of Xom.
 46914 | Abyss:5  | Found a shimmering altar of Xom.
 46914 | Abyss:5  | Found a shimmering altar of Xom.
 46918 | Abyss:5  | Reached skill level 1 in Necromancy
 46940 | Abyss:5  | Found a shimmering altar of Xom.
 46941 | Abyss:5  | Found a shimmering altar of Xom.
 46941 | Abyss:5  | Found a shimmering altar of Xom.
 46941 | Abyss:5  | Found a shimmering altar of Xom.
 46945 | Abyss:5  | Reached skill level 1 in Translocations
 46960 | Abyss:5  | Found a shimmering altar of Xom.
 46960 | Abyss:5  | Found a shimmering altar of Xom.
 46960 | Abyss:5  | Found a shimmering altar of Xom.
 46960 | Abyss:5  | Found a shimmering altar of Xom.
 46960 | Abyss:5  | Found a shimmering altar of Xom.
 46964 | Abyss:5  | Found a shimmering altar of Xom.
 46964 | Abyss:5  | Found a shimmering altar of Xom.
 47016 | Abyss:5  | Found a shimmering altar of Xom.
 47026 | Abyss:5  | Found a shimmering altar of Xom.
 47028 | Abyss:5  | Found a shimmering altar of Xom.
 47029 | Abyss:5  | Found a shimmering altar of Xom.
 47067 | Abyss:5  | Found a shimmering altar of Xom.
 47073 | Abyss:5  | Found a shimmering altar of Xom.
 47085 | Abyss:5  | Found a corrupted altar of Lugonu.
 47120 | Abyss:5  | Lost mutation: You are clumsy. (Dex -2) [a cacodemon]
 47195 | Abyss:5  | Found a corrupted altar of Lugonu.
 47382 | Abyss:5  | Gained mutation: You are occasionally teleported next to
                  | monsters. [a cacodemon]
 47390 | Abyss:5  | Lost mutation: You are dopey. (Int -2) [potion of mutation]
 47390 | Abyss:5  | Gained mutation: You expend magic power (3 MP) to
                  | strengthen your wands. [potion of mutation]
 47390 | Abyss:5  | Gained mutation: You have a pair of small horns on your
                  | head. [potion of mutation]
 47390 | Abyss:5  | Gained mutation: You are weak. (Str -2) [potion of
                  | mutation]
 47390 | Abyss:5  | Gained mutation: Your natural rate of healing is unusually
                  | fast. [potion of mutation]
 47391 | Abyss:5  | Lost mutation: You are occasionally teleported next to
                  | monsters. [potion of mutation]
 47391 | Abyss:5  | Lost mutation: You are weak. (Str -2) [potion of mutation]
 47391 | Abyss:5  | Gained mutation: Your muscles are strong. (Str +2) [potion
                  | of mutation]
 47391 | Abyss:5  | Gained mutation: Your flesh is heat resistant. (rF+)
                  | [potion of mutation]
 47391 | Abyss:5  | Gained mutation: Your spells are a little harder to cast,
                  | but a little more powerful. [potion of mutation]
 47394 | Abyss:5  | Reached skill level 5 in Necromancy
 47397 | Abyss:5  | Lost mutation: Your system is resistant to poisons. (rPois)
                  | [potion of mutation]
 47397 | Abyss:5  | Lost mutation: Your spells are a little harder to cast, but
                  | a little more powerful. [potion of mutation]
 47397 | Abyss:5  | Lost mutation: You have a pair of small horns on your head.
                  | [potion of mutation]
 47397 | Abyss:5  | Lost mutation: Your flesh is heat resistant. (rF+) [potion
                  | of mutation]
 47397 | Abyss:5  | Gained mutation: You are agile. (Dex +2) [potion of
                  | mutation]
 47397 | Abyss:5  | Gained mutation: You are very agile. (Dex +4) [potion of
                  | mutation]
 47595 | Abyss:5  | Lost mutation: Your muscles are strong. (Str +2) [a shining
                  | eye]
 48090 | Abyss:5  | Reached XP level 26. HP: 220/220 MP: 23/34
 48357 | Abyss:5  | Reached skill level 5 in Translocations
 48386 | Abyss:5  | Gained mutation: You are frail. (-10% HP) [a neqoxec]
 48523 | Abyss:5  | Paralysed by accursed screaming for 1 turns
 48645 | Abyss:5  | Reached skill level 10 in Necromancy
 49193 | Abyss:5  | Paralysed by accursed screaming for 1 turns
 49203 | Abyss:5  | Got an abyssal rune of Zot
 49301 | Abyss:5  | Reached skill level 1 in Spellcasting
 49309 | Depths:1 | Escaped the Abyss
 49563 | Depths:1 | Reached XP level 27. HP: 206/206 MP: 34/34
 49573 | Depths:1 | Learned a level 4 spell: Animate Dead
 49892 | Depths:1 | Found a gateway to Hell.
 49901 | Hell     | Entered the Vestibule of Hell
 49901 | Hell     | Noticed Geryon
 49914 | Hell     | Killed Geryon
 49928 | Hell     | Reached skill level 1 in Transmutations
 49928 | Hell     | Reached skill level 1 in Earth Magic
 49989 | Hell     | Found a gateway to the freezing wastes of Cocytus.
 50207 | Hell     | Found a gateway to the ashen valley of Gehenna.
 50315 | Hell     | Found a gateway to the decaying netherworld of Tartarus.
 50323 | Hell     | Reached skill level 1 in Charms
 50412 | Hell     | Found a gateway to the Iron City of Dis.
 50510 | Dis:1    | Entered Level 1 of the Iron City of Dis
 50510 | Dis:1    | Found a gateway to Hell.
 51176 | Dis:2    | Found a gateway to Hell.
 51221 | Dis:2    | Found a gateway to Hell.
 51223 | Dis:2    | Found a gateway to Hell.
 51469 | Dis:2    | Reached skill level 5 in Spellcasting
 51856 | Dis:3    | Found a gateway to Hell.
 51890 | Dis:3    | Found a gateway to Hell.
 51913 | Dis:3    | Found a gateway to Hell.
 52242 | Dis:3    | Found a gateway to Hell.
 52305 | Dis:4    | Found a gateway to Hell.
 52743 | Dis:4    | Found a gateway to Hell.
 52772 | Dis:4    | Found a gateway to Hell.
 52776 | Dis:4    | Found a gateway to Hell.
 52962 | Dis:4    | Reached skill level 5 in Charms
 53067 | Dis:5    | Found a gateway to Hell.
 53172 | Dis:5    | Found a gateway to Hell.
 53448 | Dis:6    | Found a gateway to Hell.
 53617 | Dis:6    | Found a gateway to Hell.
 53639 | Dis:7    | Entered Level 7 of the Iron City of Dis
 53671 | Dis:7    | Found a gateway to Hell.
 53748 | Dis:7    | Learned a level 5 spell: Dispel Undead
 54553 | Dis:7    | Found a gateway to Hell.
 54630 | Dis:7    | Found a gateway to Hell.
 54793 | Dis:7    | Identified the ring of Ybeon {rCorr rElec Dex-3 SInv}
 54817 | Dis:7    | Got a scintillating wooden ring
 54835 | Dis:7    | Identified the ring "Plog" {rF+ MP+9} (You found it on
                  | level 7 of the Iron City of Dis)
 55052 | Dis:7    | HP: 3/211 [iron giant/iron shot[the effects of Hell] (75)]
 55368 | Dis:7    | Gained mutation: You have sharp fingernails. [a cacodemon]
 55545 | Dis:7    | Identified the +4 staff of Dispater
 55545 | Dis:7    | Noticed Dispater
 55574 | Dis:7    | Killed Dispater
 55586 | Dis:7    | Found the +8 whip "Snakebite" {curare, rPois}
 55626 | Dis:7    | Identified the Tome of Evil Rites and Earth
 55629 | Dis:7    | Got an iron rune of Zot
 55630 | Dis:7    | Identified the Almanac of Shifting Unholy Magic
 55636 | Dis:7    | Identified the +3 war axe "Jiun" {drain, rElec rPois rF+
                  | rC-} (You found it on level 7 of the Iron City of Dis)
 55732 | Dis:7    | Reached skill level 15 in Necromancy
 56182 | Depths:2 | Learned a level 6 spell: Death Channel
 56188 | Depths:2 | Learned a level 5 spell: Excruciating Wounds
 56226 | Depths:2 | Reached skill level 1 in Dodging
 56457 | Depths:2 | Identified the Volume of the Displaced Blaze
 56459 | Depths:2 | Identified the Grimoire of the Entourage
 56461 | Depths:2 | Identified Tunko's Compendium of Shifting Stones
 57220 | D:11     | You paid a toll of +2 gold dragon scales to enter a
                  | treasure trove
 57221 | Trove    | Entered a treasure trove
 58296 | Orc:1    | Bought a scroll of enchant armour for 90 gold pieces
 58296 | Orc:1    | Bought a scroll of teleportation for 36 gold pieces
 58296 | Orc:1    | Bought a scroll of amnesia for 42 gold pieces
 58296 | Orc:1    | Bought a scroll of enchant armour for 90 gold pieces
 58296 | Orc:1    | Bought a scroll of teleportation for 36 gold pieces
 58296 | Orc:1    | Bought a scroll of enchant armour for 90 gold pieces
 58296 | Orc:1    | Bought a scroll of magic mapping for 42 gold pieces
 58305 | Orc:1    | Learned a level 3 spell: Recall
 58946 | Depths:3 | Reached skill level 5 in Dodging
 59334 | Depths:3 | Found a one-way gate leading to the halls of Pandemonium.
 59850 | Depths:4 | Found a basalt altar of Yredelemnul.
 59851 | Depths:4 | Found a bloodstained altar of Trog.
 59851 | Depths:4 | Found an iron altar of Okawaru.
 60097 | Depths:4 | Noticed a juggernaut
 60105 | Depths:4 | Killed a juggernaut
 60135 | Depths:4 | Noticed a juggernaut
 60142 | Depths:4 | Killed a juggernaut
 60314 | Depths:4 | Noticed a juggernaut
 60316 | Depths:4 | Noticed an ancient lich
 60322 | Depths:4 | Killed a juggernaut
 60335 | Depths:4 | Killed an ancient lich
 60341 | Depths:4 | Identified the cursed +0 scale mail of the Wilderness
                  | {rPois rF- MR++ Stlth+} (You found it on level 4 of the
                  | Depths)
 60680 | Depths:4 | Reached skill level 10 in Charms
 60897 | Depths:5 | Entered Level 5 of the Depths
 60934 | Depths:5 | Noticed a juggernaut
 60944 | Depths:5 | Killed a juggernaut
 61050 | Depths:5 | Found a gateway to a ziggurat.
 61070 | Zig:1    | Entered Level 1 of a ziggurat
 61096 | Zig:2    | Entered Level 2 of a ziggurat
 61138 | Zig:3    | Entered Level 3 of a ziggurat
 61141 | Zig:3    | Noticed Ivvaece the pandemonium lord
 61160 | Zig:3    | Killed Ivvaece the pandemonium lord
 61178 | Zig:4    | Entered Level 4 of a ziggurat
 61219 | Zig:4    | Identified the +4 cloak of Claustrophobia {rPois rF-
                  | Regen+} (You found it on level 4 of a ziggurat)
 61351 | Zig:5    | Entered Level 5 of a ziggurat
 61386 | Zig:6    | Entered Level 6 of a ziggurat
 61395 | Zig:6    | Found the +3 pair of gauntlets of War {Slay+5}
 61440 | Zig:7    | Entered Level 7 of a ziggurat
 61448 | Zig:7    | Found the +10 large shield of Ignorance {rN+ Int-4}
 61462 | Zig:7    | Reached skill level 10 in Dodging
 61515 | Zig:8    | Entered Level 8 of a ziggurat
 61522 | Zig:8    | Noticed Cuom the pandemonium lord
 61562 | Zig:8    | Killed Cuom the pandemonium lord
 61586 | Zig:9    | Entered Level 9 of a ziggurat
 61712 | Zig:10   | Entered Level 10 of a ziggurat
 61818 | Zig:11   | Entered Level 11 of a ziggurat
 61880 | Zig:11   | Identified the Reference Book on Cloudy Bewitchment
 61886 | Zig:11   | Got a bound tin ring
 61887 | Zig:11   | Identified the ring of the Forgotten People {SInv Stlth-}
                  | (You found it on level 11 of a ziggurat)
 61896 | Zig:11   | Got a crude ivory ring
 61897 | Zig:11   | Identified the ring "Adoe" {+Inv +Fly MP+9 SInv} (You found
                  | it on level 11 of a ziggurat)
 61906 | Zig:12   | Entered Level 12 of a ziggurat
 61936 | Zig:12   | Reached skill level 1 in Evocations
 61969 | Zig:12   | Identified the Tome of Shifting Companions
 61989 | Zig:13   | Entered Level 13 of a ziggurat
 62133 | Zig:13   | Identified Sif Muna's Volume of Ashen Enchantment
 62151 | Zig:14   | Entered Level 14 of a ziggurat
 62264 | Zig:14   | Learned a level 8 spell: Controlled Blink
 62282 | Zig:15   | Entered Level 15 of a ziggurat
 62321 | Zig:15   | Found the -2 hat of the Alchemist {rElec rPois rF+ rC+ rN+
                  | MR+ rMut rCorr}
 62325 | Zig:15   | Reached skill level 10 in Translocations
 62370 | Zig:15   | Identified the +1 plate armour of Lies {rF+} (You found it
                  | on level 15 of a ziggurat)
 62387 | Zig:16   | Entered Level 16 of a ziggurat
 62465 | Zig:16   | Identified Racont's Guide on Ashen Flight
 62480 | Zig:16   | Identified the Disquisition on Good Luck
 62514 | Zig:17   | Entered Level 17 of a ziggurat
 62547 | Zig:17   | Noticed an ancient lich
 62556 | Zig:17   | Noticed an ancient lich
 62574 | Zig:17   | Killed an ancient lich
 62576 | Zig:17   | Killed an ancient lich
 62587 | Zig:17   | Reached skill level 5 in Evocations
 62657 | Zig:17   | Reached skill level 15 in Translocations
 62662 | Zig:17   | Identified the +1 broad axe "Equol" {vamp, rC+} (You found
                  | it on level 17 of a ziggurat)
 62664 | Zig:18   | Entered Level 18 of a ziggurat
 62753 | Zig:18   | Found the ring of Robustness {AC+8}
 62799 | Zig:18   | Identified the ring of Fasixt {rCorr *Drain MR+ Slay+3}
                  | (You found it on level 18 of a ziggurat)
 62827 | Zig:19   | Entered Level 19 of a ziggurat
 62887 | Zig:19   | Lost mutation: You are very agile. (Dex +4) [a shining eye]
 62930 | Zig:19   | Identified Susaeti's Tome of Captivating Attacks
 63052 | Zig:20   | Entered Level 20 of a ziggurat
 63063 | Zig:20   | Noticed a greater mummy
 63068 | Zig:20   | Noticed a greater mummy
 63076 | Zig:20   | Noticed a greater mummy
 63085 | Zig:20   | HP: 8/209 [greater mummy/divine providence (16)]
 63089 | Zig:20   | Gained mutation: Scrolls take you a little longer to read.
                  | [a neqoxec]
 63096 | Zig:20   | HP: 9/217 [hellwing[a mummy priest] (9)]
 63104 | Zig:20   | HP: 8/215 [smoke demon/divine providence[a mummy priest]
                  | (11)]
 63106 | Zig:20   | HP: 2/217 [smoke demon/divine providence[a mummy priest]
                  | (12)]
 63109 | Zig:20   | Killed a greater mummy
 63134 | Zig:20   | HP: 6/211 [something (9)]
 63137 | Zig:20   | Killed from afar by a mummy priest

Vault maps used:
D:1:      ebering_trefoil_twist
D:2:      uniq_crazy_yiuf_cottage
D:3:      lemuel_crystal_altar, nicolae_overflow_quartered_altars,
          nicolae_tso_carved_into_rock
D:4:      lemuel_coloured_pillars_altar, first_ration
D:6:      nicolae_ru_sacrificial_ziggurat, minmay_temple_entry_junction_2
D:7:      kennysheep_generic_room_12, uniq_prince_ribbit1, uniq_joseph
D:8:      lemuel_crystal_altar, serial_shops, shop_fountains, grunt_pizzeria
D:9:      fedhas_altar_4, elyvilon_altar_4, gammafunk_ghost_hydra_chop
D:10:     minmay_orc_entry_guard_dogs, minmay_item_behind_shaft, minmay_holes,
          grunt_decor_resistance, uniq_josephine, uniq_erica
D:11:     lair_entry_dummy, nicolae_trove_entry_free_sample
D:12:     minmay_the_grid_triangle_9x9_recursive_3_mashed, st_stairs_14,
          uniq_gastronok, uniq_frances
D:13:     hangedman_vaults_entry_quadrant_bands, gammafunk_ghost_spectres,
          uniq_rupert
D:14:     hex_tiny, uniq_roxanne, uniq_kirke
D:15:     grunt_enter_depths_giant_problem, basic_altar
Lair:1:   portal_ice_cave_rime, serial_bayou_shore_a
Lair:2:   lab_entry_generic, infiniplex_staircase_pool_2
Lair:3:   basic_altar, lemuel_fruit_tree, serial_bayou_shore_b,
          grunt_megastairs_1
Lair:4:   nicolae_swamp_entry_splash_gauntlet, dummy_snake_entry, basic_altar,
          eino_house_with_fridge, minmay_lair_oklob_chamber, uniq_nergalle
Lair:5:   ebering_ghost_funeral_grove, grunt_megastairs_2
Lair:6:   minmay_lair_end_frog_pond, nicolae_slime_entry_slimehenge,
          gammafunk_ghost_ooze
Swamp:1:  evilmike_swamp_ruin_house_2, cheibrodos_swamp_minitomb
Swamp:2:  evilmike_swamp_ruin_house_1, swamp_pool2, cheibrodos_swamp_slimy
Swamp:3:  evilmike_swamp_ruin_rubble_2, swamp_pool4, st_swamp_mini
Swamp:4:  grunt_swamp_rune_castle, ebering_ghost_disaster_area, swamp_pool5,
          uniq_nikola
Snake:2:  uniq_vashnia
Snake:3:  basic_altar, uniq_asterion, uniq_louise
Snake:4:  snake_hunt, serial_shops, nicolae_shop_overgrown_old_shop,
          grunt_ministairs_7, guppyfry_library_mini
Orc:1:    serial_shops, nicolae_shop_trees, roderic_batcave,
          elves_outpost_lemuel, uniq_snorg, uniq_erolcha
Orc:2:    st_orc_open
Elf:1:    eino_elf_arrival_altar, infiniplex_enter_wizlab_glasses, serial_shops,
          nicolae_shop_crystal, minmay_elf_necromancy, nrook_mini_backslash,
          hangedman_elf_represent
Elf:2:    small_chamber_with_monster
Elf:3:    elf_hall_gauntlet_wide, serial_shops, shop
Vaults:1: st_quartered_hall, grunt_vaults_twisty,
          nicolae_vaults_little_squares_6, ontoclasm_vaults_decontamination,
          ontoclasm_vaults_shuriken, nicolae_vaults_yaktaur_gun_rack
Vaults:2: vaults_dpeg_spiral, minmay_crypt_entry_simple_sparse,
          nicolae_vaults_what_the_h, v_misc_25, nicolae_vaults_three_branches,
          nicolae_vaults_shelves_hall, hangedman_vaults_slice,
          ontoclasm_vaults_gateway, nicolae_vaults_rhombus_7, v_rooms_4,
          nicolae_vaults_little_squares_5, basic_altar
Vaults:3: hangedman_vaults_stagger, v_misc_29, v_misc_25,
          nicolae_vaults_mini_display_case, st_more_cells,
          nicolae_vaults_back_hallway, nicolae_vaults_twisting_passages,
          hangedman_vaults_trim, nicolae_vaults_gold_heap,
          nicolae_vaults_little_squares_1, v_misc_13
Vaults:4: hangedman_vaults_unwind, ontoclasm_vaults_chip,
          nicolae_vaults_windows_and_doors_thing, v_alt_pattern_2, v_rooms_2,
          vaults_mumra_lcd, vaults_mumra_chevron, v_misc_15,
          hangedman_vaults_corner, uniq_jory
Vaults:5: serial_shops
Crypt:1:  grunt_megastairs_4
Crypt:2:  gammafunk_sealed_arena
Crypt:3:  evilmike_haunted_forest, uniq_boris, uniq_mennas
Depths:1: hell_entry, abyss_entry, chequers_serial_rivers_small_b,
          grunt_ministairs_3, water_boxes_lemuel
Depths:2: minmay_tile_spiral, serial_rivers, chequers_serial_rivers_large_a,
          chequers_serial_rivers_large_b, chequers_serial_rivers_micro_b,
          chequers_serial_rivers_micro_d, hell_entry, abyss_entry,
          minmay_misc_feat_diagonals
Depths:3: minmay_outward_triangles, abyss_entry, hell_entry, solitary_fountain,
          rand_demon_pan_entry_3
Depths:4: hangedman_slaughterboxes, abyss_entry, hell_entry
Depths:5: grunt_zot_entry_tricorne, enter_ziggurat_e, pf_hell_entry_great_geh,
          hangedman_abyss_entry_splay, abandoned_shop
Dis:1:    grunt_megastairs_3
Dis:4:    hangedman_dis_chains
Dis:7:    dis_st
Abyss:3:  nicolae_abyss_rune_star_stuff, due_exit_kobolds
Abyss:4:  hangedman_abyss_theft, evilmike_abyss_rune_siren_acolytes
Abyss:5:  doesnt_abyss_rune_brain_food, evilmike_abyss_exit_mutagenic
Zig:12:   ziggurat_pillar_centre_dead_trees
Zig:13:   ziggurat_pillar_centre_oklobs
Zig:17:   ziggurat_pillar_centre_c
Lab:      labyrinth_watery, nicolae_lab_grate, lab_statue
Trove:    trove_wands_scrolls
IceCv:    ice_cave_statue_garden_chambered
WizLab:   wizlab_iskenderun

Skill      XL: |  1  2  3  4  5  6  7  8  9 10 11 12 13 14 15 16 17 18 19 20 21 22 23 24 25 26 27 |
---------------+----------------------------------------------------------------------------------+-----
Axes           | 2 3 4 5 6 7 9 10 11 12 13 14 15 16 17 18 | 18.0
Shields        | 3 4 5 6 7 8 9 10 11 12 13 14 16 17 19 20 21 22 23 24 25 | 25.0
Fighting       | 4 5 6 7 8 9 10 11 12 13 14 15 16 17 18 19 20 21 25 | 25.5
Invocations    | 3 4 6 8 10 11 13 14 15 17 | 17.7
Armour         | 3 4 6 7 8 9 10 11 12 13 14 15 16 17 18 19 23 | 23.6
Maces & Flails | 7 11 | 11.5
Necromancy     | 7 10 16 | 16.8
Translocations | 4 7 15 | 15.9
Spellcasting   | 2 6 |  6.0
Transmutations | 4 |  4.0
Earth Magic    | 4 |  4.0
Charms         | 10 | 10.0
Dodging        | 12 | 12.0
Evocations     | 5 |  5.0

Action                   |  1- 3 |  4- 6 |  7- 9 | 10-12 | 13-15 | 16-18 | 19-21 | 22-24 | 25-27 || total
-------------------------+-------+-------+-------+-------+-------+-------+-------+-------+-------++-------
Melee: War axe           |   150 |   133 |   479 |   150 |       |       |       |       |       ||   912
       Kick              |       |       |       |   141 |   337 |   497 |   660 |   699 |  2571 ||  4905
       Broad axe         |       |       |       |   349 |   772 |  1146 |  1375 |  1286 |  4080 ||  9008
       Headbutt          |       |       |       |    61 |       |       |       |       |     1 ||    62
       Morningstar       |       |       |       |       |    24 |       |       |       |       ||    24
       Eveningstar       |       |       |       |       |       |    60 |       |       |    33 ||    93
 Fire: Hunting sling     |       |       |     6 |       |       |       |       |       |       ||     6
Throw: Stone             |     7 |    22 |     7 |     2 |       |       |       |       |       ||    38
       Javelin           |       |       |       |     5 |     3 |       |       |       |       ||     8
       Tomahawk          |       |       |       |       |     1 |       |       |       |       ||     1
 Cast: Blink             |       |       |       |       |       |       |       |       |    10 ||    10
       Animate Skeleton  |       |       |       |       |       |       |       |       |    67 ||    67
       Regeneration      |       |       |       |       |       |       |       |       |    85 ||    85
       Animate Dead      |       |       |       |       |       |       |       |       |    65 ||    65
       Dispel Undead     |       |       |       |       |       |       |       |       |     9 ||     9
       Death Channel     |       |       |       |       |       |       |       |       |     6 ||     6
       Recall            |       |       |       |       |       |       |       |       |     3 ||     3
Invok: Minor Destruction |       |       |    68 |    36 |    14 |    21 |     3 |     1 |    10 ||   153
       Lesser Servant of |       |       |     2 |    34 |    36 |    33 |    11 |     1 |     1 ||   118
       Major Destruction |       |       |       |     5 |     1 |       |       |       |     1 ||     7
       Greater Servant o |       |       |       |       |       |     2 |     8 |     3 |    16 ||    29
Evoke: Wand              |       |       |       |       |       |       |     2 |       |     3 ||     5
  Use: Scroll            |       |       |     1 |    24 |     9 |    12 |    12 |    12 |    26 ||    96
       Potion            |       |       |       |     7 |     3 |       |       |     4 |    28 ||    42
 Stab: Distracted        |       |     2 |     5 |     5 |    10 |     7 |    10 |    11 |    46 ||    96
       Petrified         |       |       |       |       |       |       |       |       |    19 ||    19
       Petrifying        |       |       |       |       |       |       |       |       |     2 ||     2
  Eat: Chunk             |     3 |     5 |    15 |    17 |    10 |    20 |    12 |    17 |    24 ||   123
       Ration            |       |       |       |     3 |     3 |     5 |     4 |     1 |    14 ||    30
Armor: Scale mail        |    96 |    55 |    34 |       |       |     1 |       |       |       ||   186
       Chain mail        |       |       |    68 |       |       |       |       |       |       ||    68
       Crystal plate arm |       |       |   281 |   342 |   295 |   523 |   350 |   299 |  1129 ||  3219
Dodge: Dodged            |    39 |    33 |    38 |    12 |    19 |    61 |    54 |    81 |   433 ||   770
Block: Shield            |    85 |    64 |   281 |   189 |       |       |       |       |       ||   619
       Large shield      |       |       |       |   112 |   566 |  1058 |  1021 |   921 |  3785 ||  7463
       Reflection        |       |       |       |       |       |       |       |       |   153 ||   153

Table legend:
 A = Non-vault XP
 B = Vault XP
 C = Vault XP percentage of total XP
 D = Non-vault monster count
 E = Vault monster count
 F = Vault count percentage of total count
                 A         B        C        D         E       F
            +---------+---------+-------+---------+---------+-------
      Total | 1694329 |  931000 |  35.5 |    3036 |    1090 |  26.4
            +---------+---------+-------+---------+---------+-------
        D:1 |      31 |       0 |   0.0 |      17 |       0 |   0.0
        D:2 |      64 |      41 |  39.0 |      24 |       1 |   4.0
        D:3 |     300 |       0 |   0.0 |      25 |       0 |   0.0
        D:4 |     399 |       0 |   0.0 |      23 |       0 |   0.0
        D:5 |     430 |       0 |   0.0 |      25 |       0 |   0.0
        D:6 |     556 |       0 |   0.0 |      23 |       0 |   0.0
        D:7 |     370 |     654 |  63.9 |      11 |       3 |  21.4
        D:8 |    2200 |     137 |   5.9 |      48 |       1 |   2.0
        D:9 |    2704 |    1640 |  37.8 |      24 |       2 |   7.7
       D:10 |    1005 |    2077 |  67.4 |      26 |       8 |  23.5
       D:11 |    3536 |       0 |   0.0 |      43 |       0 |   0.0
       D:12 |    5895 |   12408 |  67.8 |      35 |      25 |  41.7
       D:13 |    1682 |    9341 |  84.7 |      10 |      23 |  69.7
       D:14 |    7651 |    4578 |  37.4 |      35 |       6 |  14.6
       D:15 |   14753 |    1632 |  10.0 |      37 |       1 |   2.6
     Lair:1 |    1224 |     390 |  24.2 |       8 |       2 |  20.0
     Lair:2 |    5705 |       0 |   0.0 |      19 |       0 |   0.0
     Lair:3 |    3365 |     209 |   5.8 |      18 |       2 |  10.0
     Lair:4 |    2488 |    3362 |  57.5 |      11 |      20 |  64.5
     Lair:5 |    5532 |    2563 |  31.7 |      25 |       8 |  24.2
     Lair:6 |   14912 |   13704 |  47.9 |      49 |      61 |  55.5
    Swamp:1 |   13259 |    1296 |   8.9 |      31 |       7 |  18.4
    Swamp:2 |    6684 |     976 |  12.7 |      15 |       2 |  11.8
    Swamp:3 |    6935 |    3372 |  32.7 |      20 |       5 |  20.0
    Swamp:4 |    7834 |   22320 |  74.0 |      19 |      33 |  63.5
    Snake:1 |   15802 |       0 |   0.0 |      32 |       0 |   0.0
    Snake:2 |   27074 |    6007 |  18.2 |      56 |       4 |   6.7
    Snake:3 |   15817 |    3756 |  19.2 |      36 |       2 |   5.3
    Snake:4 |   20197 |   55276 |  73.2 |      40 |      71 |  64.0
      Orc:1 |    1966 |    6248 |  76.1 |      19 |      20 |  51.3
      Orc:2 |    3175 |   12659 |  79.9 |      25 |      37 |  59.7
      Elf:1 |    6877 |   15392 |  69.1 |      12 |      27 |  69.2
      Elf:2 |   17972 |   22578 |  55.7 |      32 |      29 |  47.5
      Elf:3 |   16547 |   33021 |  66.6 |      32 |      25 |  43.9
   Vaults:1 |   38818 |   14919 |  27.8 |      69 |      25 |  26.6
   Vaults:2 |   14968 |   11981 |  44.5 |      29 |      16 |  35.6
   Vaults:3 |   38723 |   22721 |  37.0 |      82 |      27 |  24.8
   Vaults:4 |   55383 |   39044 |  41.3 |      69 |      44 |  38.9
   Vaults:5 |   36791 |  123970 |  77.1 |      53 |      90 |  62.9
    Crypt:1 |   33388 |    4821 |  12.6 |      61 |       8 |  11.6
    Crypt:2 |   22783 |    9436 |  29.3 |      33 |       9 |  21.4
    Crypt:3 |       0 |   75772 | 100.0 |       0 |      94 | 100.0
   Depths:1 |   38648 |    2479 |   6.0 |      49 |       4 |   7.5
   Depths:2 |   41350 |   38362 |  48.1 |      50 |      23 |  31.5
   Depths:3 |   46612 |   12225 |  20.8 |      55 |      10 |  15.4
   Depths:4 |       0 |  134997 | 100.0 |       0 |      93 | 100.0
   Depths:5 |   33242 |       0 |   0.0 |      29 |       0 |   0.0
       Hell |   27111 |   26102 |  49.1 |      32 |      40 |  55.6
      Dis:1 |   37617 |     429 |   1.1 |      60 |       2 |   3.2
      Dis:2 |   29997 |       0 |   0.0 |      55 |       0 |   0.0
      Dis:3 |   33515 |       0 |   0.0 |      60 |       0 |   0.0
      Dis:4 |   47786 |       0 |   0.0 |      82 |       0 |   0.0
      Dis:5 |   42518 |       0 |   0.0 |      53 |       0 |   0.0
      Dis:6 |   19537 |       0 |   0.0 |      29 |       0 |   0.0
      Dis:7 |   72940 |  111286 |  60.4 |      89 |      78 |  46.7
    Abyss:1 |     321 |       0 |   0.0 |       3 |       0 |   0.0
    Abyss:2 |   48567 |       0 |   0.0 |      94 |       0 |   0.0
    Abyss:3 |    5086 |     757 |  13.0 |       9 |       2 |  18.2
    Abyss:4 |   14626 |    8137 |  35.7 |      30 |      11 |  26.8
    Abyss:5 |  319798 |   23905 |   7.0 |     559 |      30 |   5.1
      Zig:1 |    2096 |       0 |   0.0 |       1 |       0 |   0.0
      Zig:2 |    1796 |       0 |   0.0 |       3 |       0 |   0.0
      Zig:3 |    9830 |     647 |   6.2 |       3 |       1 |  25.0
      Zig:4 |    4728 |       0 |   0.0 |       6 |       0 |   0.0
      Zig:5 |    8117 |       0 |   0.0 |       5 |       0 |   0.0
      Zig:6 |    8739 |       0 |   0.0 |       6 |       0 |   0.0
      Zig:7 |    7701 |      31 |   0.4 |       9 |       1 |  10.0
      Zig:8 |   23445 |       0 |   0.0 |      11 |       0 |   0.0
      Zig:9 |    8549 |       0 |   0.0 |      15 |       0 |   0.0
     Zig:10 |   18072 |       0 |   0.0 |      19 |       0 |   0.0
     Zig:11 |   13317 |       0 |   0.0 |      27 |       0 |   0.0
     Zig:12 |   13481 |       0 |   0.0 |      23 |       0 |   0.0
     Zig:13 |   21732 |    2301 |   9.6 |      31 |       5 |  13.9
     Zig:14 |   20532 |       0 |   0.0 |      38 |       0 |   0.0
     Zig:15 |   27506 |       0 |   0.0 |      25 |       0 |   0.0
     Zig:16 |   32127 |       0 |   0.0 |      26 |       0 |   0.0
     Zig:17 |   48609 |    1696 |   3.4 |      34 |       1 |   2.9
     Zig:18 |   27807 |       0 |   0.0 |      41 |       0 |   0.0
     Zig:19 |   37092 |       0 |   0.0 |      42 |       0 |   0.0
     Zig:20 |   23987 |       0 |   0.0 |      32 |       0 |   0.0
        Lab |       0 |    1159 | 100.0 |       0 |       5 | 100.0
      IceCv |       0 |    1958 | 100.0 |       0 |      11 | 100.0
     WizLab |       0 |   26228 | 100.0 |       0 |      35 | 100.0
            +---------+---------+-------+---------+---------+-------
